[ PARTIDA AOE2 · #474076675 ]
Team RMEspañoles vs Britons
[ ANÁLISIS DE REPETICIÓN · EXTRAÍDO DE LA PARTIDA GRABADA ]
Feudal
12:02
Castillos
16:47
Imperial
32:53
| APM promedio | 30.3 |
| APM pico | 97 |
| eAPM promedio | 14.3 |
| Aldeanos / militares | 87 / 53 |
Foco
⚔️ 21.4% · 🌾 78.6%
Conquistador ×28 · Battering Ram ×12 · Monk ×6 · Petard ×3 · Trebuchet (Packed) ×2 · Bombard Cannon ×2
Feudal
11:30
Castillos
18:02
Imperial
—
| APM promedio | 11.5 |
| APM pico | 46 |
| eAPM promedio | 4.9 |
| Aldeanos / militares | 37 / 6 |
Foco
⚔️ 12.6% · 🌾 87.4%
Steppe Lancer ×6
Feudal
11:27
Castillos
15:27
Imperial
30:53
| APM promedio | 10.7 |
| APM pico | 39 |
| eAPM promedio | 8.3 |
| Aldeanos / militares | 54 / 25 |
Foco
⚔️ 31.4% · 🌾 68.6%
Petard ×16 · Ballista Elephant ×9
Feudal
11:34
Castillos
15:54
Imperial
32:53
| APM promedio | 16.7 |
| APM pico | 40 |
| eAPM promedio | 8.9 |
| Aldeanos / militares | 59 / 37 |
Foco
⚔️ 26.4% · 🌾 73.6%
Militia ×33 · Battering Ram ×4 · Unknown (1105) ×1
Feudal
11:08
Castillos
15:13
Imperial
—
| APM promedio | 16.1 |
| APM pico | 48 |
| eAPM promedio | 9.9 |
| Aldeanos / militares | 96 / 0 |
Foco
⚔️ 12.1% · 🌾 87.9%
Feudal
10:32
Castillos
14:52
Imperial
32:57
| APM promedio | 15.4 |
| APM pico | 30 |
| eAPM promedio | 12.5 |
| Aldeanos / militares | 135 / 100 |
Foco
⚔️ 17.1% · 🌾 82.9%
Knight ×65 · Scout Cavalry ×35
Feudal
—
Castillos
—
Imperial
—
| APM promedio | 13.3 |
| APM pico | 39 |
| eAPM promedio | 8.2 |
| Aldeanos / militares | 92 / 1 |
Foco
⚔️ 3.3% · 🌾 96.7%
Monk ×1
Feudal
11:36
Castillos
15:31
Imperial
31:38
| APM promedio | 15.5 |
| APM pico | 39 |
| eAPM promedio | 11.1 |
| Aldeanos / militares | 135 / 93 |
Foco
⚔️ 16.2% · 🌾 83.8%
Tarkan ×93
Mapa de la partida
Recursos iniciales + cada clic de construcción. Líneas = muros · curvas = relieve. ◆ oro · ⬟ piedra · ● bayas · ✦ reliquia · ◌ hueco del cierre
Tu base· ✓ Cerrada en 16:47 · 0t muro · 2 puerta(s)
Base de GingerTom· ✓ Cerrada en 18:02 · 0t muro · 2 puerta(s)
Base de lasttruepoet· ✓ Cerrada en 15:27 · 0t muro · 2 puerta(s)
Base de 海猛· ✓ Cerrada en 15:54 · 0t muro · 2 puerta(s)
Base de Mongoloid· ✓ Cerrada en 15:13 · 0t muro · 2 puerta(s)
Base de Kingqk· ✓ Cerrada en 14:52 · 0t muro · 2 puerta(s)
Base de lean_dean28· ✓ Cerrada en 12:50 · 0t muro · 2 puerta(s)
Base de 紅點ㄟ· ✓ Cerrada en 15:31 · 0t muro · 2 puerta(s)
Terreno inicial suavizado · ◌ = hueco del cierre detectado · pasá el cursor para detalles
Inputs por minuto
— 明仔 - - GingerTom
Build order — 明仔
Primeras 150 de 247 acciones detectadas
| 0:01 | Crear | Villager (Male) |
| 0:01 | Crear | Villager (Male) |
| 0:01 | Crear | Villager (Male) |
| 0:02 | Crear | Villager (Male) |
| 0:02 | Crear | Villager (Male) |
| 0:07 | Construir | House |
| 0:09 | Construir | House |
| 1:34 | Crear | Villager (Male) |
| 1:34 | Crear | Villager (Male) |
| 1:48 | Construir | Lumber Camp |
| 2:09 | Crear | Villager (Male) |
| 2:09 | Crear | Villager (Male) |
| 2:20 | Crear | Villager (Male) |
| 2:21 | Crear | Villager (Male) |
| 2:53 | Crear | Villager (Male) |
| 2:53 | Crear | Villager (Male) |
| 3:08 | Crear | Villager (Male) |
| 3:32 | Construir | House |
| 3:34 | Construir | House |
| 3:36 | Construir | House |
| 3:45 | Crear | Villager (Male) |
| 3:45 | Crear | Villager (Male) |
| 4:17 | Crear | Villager (Male) |
| 4:17 | Crear | Villager (Male) |
| 4:30 | Construir | Mill |
| 4:31 | Crear | Villager (Male) |
| 4:32 | Crear | Villager (Male) |
| 4:47 | Construir | House |
| 5:16 | Crear | Villager (Male) |
| 5:16 | Crear | Villager (Male) |
| 5:34 | Crear | Villager (Male) |
| 5:56 | Crear | Villager (Male) |
| 6:16 | Crear | Villager (Male) |
| 6:38 | Construir | Mining Camp |
| 6:57 | Crear | Villager (Male) |
| 7:04 | Crear | Villager (Male) |
| 7:11 | Construir | Farm |
| 7:12 | Crear | Villager (Male) |
| 7:33 | Construir | Farm |
| 7:39 | Construir | Farm |
| 7:51 | Construir | Farm |
| 7:52 | Crear | Villager (Male) |
| 8:18 | Crear | Villager (Male) |
| 8:48 | Crear | Villager (Male) |
| 8:48 | Crear | Villager (Male) |
| 9:25 | Construir | Farm |
| 9:48 | Investigar | Feudal Age |
| 10:01 | Crear | Villager (Male) |
| 10:01 | Crear | Villager (Male) |
| 10:52 | Construir | House |
| 10:53 | Construir | House |
| 11:21 | Construir | House |
| 11:46 | Construir | Mining Camp |
| 11:49 | Crear | Villager (Male) |
| 12:02 | Edad | Edad Feudal |
| 12:10 | Construir | Blacksmith |
| 12:14 | Crear | Villager (Male) |
| 12:57 | Construir | Market |
| 13:02 | Crear | Villager (Male) |
| 13:23 | Construir | House |
| 13:25 | Construir | House |
| 13:32 | Investigar | Loom |
| 13:59 | Investigar | Castle Age |
| 15:14 | Investigar | Horse Collar |
| 15:26 | Investigar | Gold Mining |
| 15:53 | Crear | Villager (Male) |
| 15:54 | Crear | Villager (Male) |
| 16:47 | Edad | Edad de los Castillos |
| 16:57 | Construir | University |
| 17:14 | Construir | Monastery |
| 17:15 | Crear | Villager (Male) |
| 17:24 | Crear | Villager (Male) |
| 17:39 | Construir | Castle |
| 17:42 | Crear | Villager (Male) |
| 17:48 | Investigar | Double-Bit Axe |
| 17:51 | Crear | Monk |
| 17:51 | Crear | Monk |
| 18:05 | Crear | Villager (Male) |
| 18:14 | Construir | Farm |
| 19:23 | Crear | Monk |
| 19:24 | Crear | Monk |
| 19:35 | Construir | Siege Workshop |
| 20:04 | Crear | Villager (Male) |
| 20:04 | Crear | Villager (Male) |
| 20:05 | Crear | Villager (Male) |
| 20:25 | Construir | University |
| 20:32 | Construir | Mill |
| 20:37 | Crear | Conquistador |
| 20:37 | Crear | Conquistador |
| 20:44 | Crear | Monk |
| 20:46 | Crear | Villager (Male) |
| 21:17 | Crear | Conquistador |
| 21:25 | Construir | Farm |
| 21:31 | Construir | Farm |
| 21:35 | Crear | Villager (Male) |
| 21:39 | Investigar | Ballistics |
| 21:56 | Crear | Petard |
| 21:57 | Crear | Petard |
| 21:58 | Crear | Petard |
| 22:11 | Crear | Villager (Male) |
| 22:12 | Crear | Villager (Male) |
| 22:32 | Crear | Villager (Male) |
| 22:43 | Construir | Town Center |
| 22:44 | Crear | Villager (Male) |
| 22:53 | Crear | Villager (Male) |
| 23:19 | Crear | Conquistador |
| 23:20 | Crear | Conquistador |
| 23:40 | Investigar | Murder Holes |
| 24:13 | Crear | Battering Ram |
| 24:13 | Crear | Battering Ram |
| 24:14 | Crear | Battering Ram |
| 24:14 | Crear | Battering Ram |
| 24:38 | Crear | Villager (Male) |
| 24:38 | Crear | Villager (Male) |
| 24:39 | Crear | Villager (Male) |
| 24:40 | Crear | Villager (Male) |
| 24:40 | Crear | Villager (Male) |
| 24:49 | Construir | Lumber Camp |
| 24:57 | Crear | Villager (Male) |
| 24:57 | Crear | Villager (Male) |
| 25:42 | Crear | Villager (Male) |
| 25:51 | Construir | Farm |
| 25:51 | Construir | Farm |
| 25:51 | Construir | Farm |
| 25:52 | Construir | Farm |
| 25:52 | Construir | Farm |
| 25:52 | Construir | Farm |
| 25:52 | Construir | Farm |
| 25:52 | Construir | Farm |
| 25:53 | Construir | Farm |
| 25:53 | Construir | Farm |
| 26:00 | Crear | Villager (Male) |
| 26:03 | Crear | Villager (Male) |
| 26:03 | Crear | Villager (Male) |
| 26:06 | Construir | Farm |
| 26:06 | Construir | Farm |
| 26:06 | Construir | Farm |
| 26:07 | Construir | Farm |
| 26:07 | Construir | Farm |
| 27:13 | Construir | House |
| 27:14 | Construir | House |
| 27:16 | Construir | House |
| 27:17 | Construir | House |
| 27:18 | Construir | House |
| 27:21 | Crear | Villager (Male) |
| 27:22 | Crear | Villager (Male) |
| 27:24 | Investigar | Wheelbarrow |
| 27:37 | Investigar | Bow Saw |
| 28:22 | Construir | Castle |
| 28:35 | Construir | House |
Build order — GingerTom
74 acciones detectadas en el replay
| 0:12 | Crear | Villager (Male) |
| 0:13 | Investigar | Loom |
| 0:13 | Crear | Villager (Male) ×3 |
| 0:26 | Construir | House |
| 0:27 | Construir | House |
| 0:28 | Construir | House |
| 0:37 | Construir | House |
| 2:11 | Construir | House |
| 2:12 | Construir | House |
| 2:37 | Crear | Villager (Male) |
| 2:37 | Crear | Villager (Male) |
| 2:37 | Crear | Villager (Male) |
| 3:04 | Crear | Villager (Male) |
| 3:04 | Crear | Villager (Male) |
| 3:32 | Crear | Villager (Male) |
| 3:32 | Crear | Villager (Male) |
| 3:46 | Crear | Villager (Male) |
| 4:20 | Construir | Mill |
| 4:31 | Crear | Villager (Male) |
| 5:11 | Crear | Villager (Male) |
| 5:12 | Crear | Villager (Male) |
| 5:29 | Crear | Villager (Male) |
| 6:01 | Crear | Villager (Male) |
| 6:20 | Crear | Villager (Male) |
| 6:36 | Crear | Villager (Male) |
| 6:48 | Crear | Villager (Male) |
| 7:27 | Construir | Lumber Camp |
| 7:46 | Crear | Villager (Male) |
| 7:46 | Crear | Villager (Male) |
| 7:52 | Crear | Villager (Male) |
| 9:20 | Investigar | Feudal Age |
| 9:39 | Construir | Barracks |
| 9:42 | Construir | House |
| 9:43 | Construir | House |
| 9:43 | Construir | House |
| 10:13 | Construir | Mining Camp |
| 10:26 | Construir | Mining Camp |
| 10:44 | Construir | Farm |
| 10:45 | Construir | Farm |
| 10:48 | Crear | Villager (Male) ×5 |
| 11:22 | Crear | Villager (Male) |
| 11:30 | Edad | Edad Feudal |
| 11:46 | Construir | Blacksmith |
| 12:46 | Construir | Stable |
| 13:32 | Construir | Farm |
| 13:39 | Construir | Farm |
| 13:49 | Crear | Villager (Male) |
| 14:01 | Construir | Farm |
| 14:08 | Crear | Villager (Male) |
| 14:33 | Crear | Villager (Male) |
| 14:54 | Construir | Farm |
| 15:22 | Investigar | Castle Age |
| 17:31 | Construir | Farm |
| 17:34 | Construir | Farm |
| 18:02 | Edad | Edad de los Castillos |
| 19:26 | Construir | Castle |
| 19:57 | Construir | House |
| 20:25 | Investigar | Fletching |
| 20:59 | Construir | Market |
| 21:42 | Construir | Town Center |
| 21:46 | Crear | Villager (Male) ×5 |
| 22:43 | Construir | Farm |
| 22:45 | Construir | Farm |
| 22:51 | Construir | Farm |
| 22:55 | Crear | Steppe Lancer ×4 |
| 23:27 | Crear | Steppe Lancer |
| 23:27 | Crear | Steppe Lancer |
| 23:34 | Construir | Farm |
| 23:45 | Construir | Mill |
| 23:48 | Construir | Farm |
| 23:49 | Construir | Farm |
| 23:50 | Construir | Farm |
| 23:51 | Construir | Farm |
| 23:52 | Construir | Farm |
Build order — lasttruepoet
135 acciones detectadas en el replay
| 0:04 | Crear | Villager (Male) |
| 0:04 | Crear | Villager (Male) |
| 0:05 | Crear | Villager (Male) |
| 0:05 | Crear | Villager (Male) |
| 0:05 | Crear | Villager (Male) |
| 0:08 | Construir | House |
| 0:11 | Construir | House |
| 1:39 | Crear | Villager (Male) |
| 1:39 | Crear | Villager (Male) |
| 1:47 | Construir | Mining Camp |
| 1:58 | Construir | House |
| 1:59 | Construir | House |
| 2:10 | Crear | Villager (Male) |
| 2:31 | Crear | Villager (Male) |
| 2:49 | Crear | Villager (Male) |
| 3:25 | Crear | Villager (Male) |
| 3:45 | Crear | Villager (Male) |
| 3:45 | Crear | Villager (Male) |
| 4:08 | Crear | Villager (Male) |
| 4:32 | Crear | Villager (Male) |
| 4:48 | Construir | Mill |
| 5:01 | Crear | Villager (Male) |
| 5:01 | Crear | Villager (Male) |
| 5:19 | Crear | Villager (Male) |
| 5:45 | Crear | Villager (Male) ×2 |
| 6:47 | Crear | Villager (Male) ×4 |
| 7:08 | Crear | Villager (Male) |
| 8:47 | Construir | Mining Camp |
| 8:52 | Investigar | Loom |
| 8:52 | Investigar | Feudal Age |
| 11:27 | Edad | Edad Feudal |
| 11:32 | Investigar | Wheelbarrow |
| 12:24 | Investigar | Castle Age |
| 12:39 | Construir | Lumber Camp |
| 14:01 | Investigar | Horse Collar |
| 14:24 | Construir | Farm |
| 14:26 | Construir | Farm |
| 14:27 | Construir | Farm |
| 14:27 | Construir | Farm |
| 14:28 | Construir | Farm |
| 14:31 | Construir | Farm |
| 14:36 | Construir | Farm |
| 15:02 | Crear | Villager (Male) |
| 15:07 | Construir | House |
| 15:27 | Edad | Edad de los Castillos |
| 15:34 | Investigar | Double-Bit Axe |
| 15:38 | Construir | Farm |
| 15:43 | Construir | Farm |
| 15:50 | Crear | Villager (Male) |
| 16:04 | Construir | House |
| 16:06 | Construir | House |
| 16:15 | Crear | Villager (Male) |
| 16:22 | Construir | Farm |
| 16:25 | Crear | Villager (Male) |
| 16:43 | Construir | Castle |
| 17:14 | Crear | Villager (Male) ×3 |
| 17:20 | Construir | House |
| 17:21 | Construir | House |
| 17:22 | Construir | House |
| 17:23 | Construir | House |
| 17:36 | Construir | Farm |
| 17:42 | Construir | Farm |
| 18:26 | Crear | Villager (Male) |
| 18:58 | Crear | Petard ×5 |
| 18:58 | Crear | Petard |
| 18:58 | Crear | Petard |
| 19:08 | Construir | Stone Wall |
| 19:14 | Construir | Stone Wall |
| 19:30 | Crear | Villager (Male) ×3 |
| 19:57 | Construir | University |
| 20:10 | Construir | Stone Wall |
| 20:21 | Crear | Villager (Male) ×5 |
| 20:31 | Construir | Mining Camp |
| 20:37 | Construir | Farm |
| 20:37 | Construir | Farm |
| 20:38 | Construir | Farm |
| 20:38 | Construir | Farm |
| 20:39 | Construir | Farm |
| 20:52 | Construir | Stone Wall |
| 20:54 | Construir | Stone Wall |
| 21:04 | Construir | Stone Wall |
| 21:10 | Construir | Stone Wall |
| 21:16 | Crear | Petard ×4 |
| 21:16 | Crear | Petard ×4 |
| 21:37 | Construir | Farm |
| 21:38 | Construir | Farm |
| 22:05 | Investigar | Fortified Wall (upgrade) |
| 22:29 | Crear | Villager (Male) |
| 22:29 | Crear | Villager (Male) ×5 |
| 22:41 | Crear | Villager (Male) |
| 22:51 | Construir | Stone Wall |
| 23:01 | Crear | Ballista Elephant |
| 23:01 | Crear | Ballista Elephant |
| 23:18 | Crear | Ballista Elephant |
| 23:19 | Crear | Ballista Elephant |
| 23:19 | Crear | Ballista Elephant |
| 23:34 | Construir | House |
| 23:35 | Construir | House |
| 23:36 | Construir | House |
| 23:37 | Construir | House |
| 23:44 | Crear | Ballista Elephant |
| 23:49 | Crear | Ballista Elephant |
| 23:56 | Construir | Farm |
| 24:20 | Crear | Ballista Elephant ×2 |
| 24:25 | Crear | Villager (Male) |
| 24:29 | Construir | Farm |
| 24:33 | Construir | Farm |
| 26:03 | Crear | Villager (Male) ×5 |
| 27:05 | Crear | Petard |
| 27:42 | Investigar | Imperial Age |
| 30:19 | Construir | Stone Wall |
| 30:53 | Edad | Edad Imperial |
| 31:27 | Construir | Stone Wall |
| 31:36 | Construir | Stone Wall |
| 31:43 | Construir | Stone Wall |
| 31:51 | Construir | Stone Wall |
| 32:38 | Construir | Stone Wall |
| 33:03 | Construir | Lumber Camp |
| 33:12 | Construir | Stone Wall |
| 33:23 | Construir | Stone Wall |
| 34:13 | Construir | Lumber Camp |
| 34:25 | Construir | Market |
| 34:44 | Construir | Stone Wall |
| 34:50 | Construir | Stone Wall |
| 35:39 | Construir | Stone Wall |
| 35:54 | Construir | Stone Wall |
| 36:08 | Construir | Farm |
| 36:12 | Construir | Stone Wall |
| 36:52 | Construir | Stone Wall |
| 37:20 | Construir | Stone Wall |
| 37:29 | Construir | Stone Wall |
| 37:58 | Construir | Stone Wall |
| 38:02 | Construir | Stone Wall |
| 38:20 | Construir | Stone Wall |
| 39:10 | Construir | Stone Wall |
Build order — 海猛
Primeras 150 de 166 acciones detectadas
| 0:02 | Crear | Villager (Male) |
| 0:03 | Crear | Villager (Male) |
| 0:03 | Crear | Villager (Male) |
| 0:03 | Crear | Villager (Male) |
| 0:03 | Crear | Villager (Male) |
| 0:05 | Construir | House |
| 0:06 | Construir | House |
| 0:30 | Construir | House |
| 0:31 | Construir | House |
| 1:28 | Crear | Villager (Male) |
| 1:28 | Crear | Villager (Male) |
| 1:56 | Crear | Villager (Male) |
| 1:56 | Crear | Villager (Male) |
| 2:16 | Crear | Villager (Male) |
| 2:16 | Crear | Villager (Male) |
| 2:43 | Construir | Lumber Camp |
| 3:12 | Crear | Villager (Male) |
| 3:12 | Crear | Villager (Male) |
| 3:13 | Crear | Villager (Male) |
| 3:57 | Crear | Villager (Male) |
| 3:57 | Crear | Villager (Male) |
| 3:58 | Crear | Villager (Male) |
| 3:58 | Crear | Villager (Male) |
| 4:40 | Crear | Villager (Male) |
| 4:41 | Crear | Villager (Male) |
| 5:44 | Construir | Mill |
| 6:03 | Crear | Villager (Male) |
| 6:04 | Crear | Villager (Male) |
| 6:04 | Crear | Villager (Male) |
| 6:04 | Crear | Villager (Male) |
| 6:05 | Crear | Villager (Male) |
| 6:34 | Crear | Villager (Male) |
| 6:34 | Crear | Villager (Male) |
| 6:34 | Crear | Villager (Male) |
| 9:08 | Investigar | Feudal Age |
| 9:36 | Construir | Mining Camp |
| 9:57 | Construir | House |
| 9:58 | Construir | House |
| 10:14 | Construir | Farm |
| 10:16 | Construir | Farm |
| 10:34 | Construir | Barracks |
| 11:03 | Investigar | Loom |
| 11:04 | Crear | Villager (Male) |
| 11:05 | Crear | Villager (Male) |
| 11:05 | Crear | Villager (Male) |
| 11:34 | Edad | Edad Feudal |
| 11:49 | Construir | Blacksmith |
| 12:14 | Construir | Market |
| 12:31 | Construir | Barracks |
| 13:02 | Construir | House |
| 13:02 | Construir | House |
| 13:03 | Construir | House |
| 13:06 | Investigar | Castle Age |
| 13:31 | Crear | Villager (Male) |
| 13:53 | Investigar | Man-at-Arms (upgrade) |
| 14:16 | Investigar | Scale Mail Armor |
| 14:23 | Crear | Militia |
| 14:23 | Crear | Militia |
| 14:23 | Crear | Militia |
| 14:36 | Construir | Farm |
| 14:37 | Construir | Farm |
| 14:38 | Construir | Farm |
| 14:40 | Construir | Farm |
| 14:56 | Construir | House |
| 15:00 | Crear | Militia |
| 15:00 | Crear | Militia |
| 15:35 | Construir | Farm |
| 15:54 | Edad | Edad de los Castillos |
| 15:57 | Construir | Siege Workshop |
| 16:24 | Investigar | Long Swordsman (upgrade) |
| 16:34 | Construir | Farm |
| 16:40 | Construir | Farm |
| 16:47 | Crear | Unit 1105 |
| 16:53 | Crear | Militia |
| 16:54 | Crear | Militia |
| 17:21 | Investigar | Chain Mail Armor |
| 17:40 | Crear | Militia |
| 17:41 | Crear | Militia |
| 18:26 | Investigar | Squires |
| 18:59 | Crear | Villager (Male) |
| 18:59 | Crear | Villager (Male) |
| 19:25 | Crear | Militia |
| 19:25 | Crear | Militia |
| 19:26 | Crear | Militia |
| 19:26 | Crear | Militia |
| 20:44 | Crear | Militia |
| 20:44 | Crear | Militia |
| 20:44 | Crear | Militia |
| 20:45 | Crear | Militia |
| 20:53 | Construir | Farm |
| 20:55 | Construir | Farm |
| 20:57 | Construir | Farm |
| 21:11 | Construir | Town Center |
| 21:33 | Crear | Battering Ram |
| 21:34 | Crear | Battering Ram |
| 21:45 | Investigar | Forging |
| 21:54 | Investigar | Double-Bit Axe |
| 22:13 | Crear | Militia |
| 22:13 | Crear | Militia |
| 22:13 | Crear | Militia |
| 22:31 | Crear | Villager (Male) |
| 22:31 | Crear | Villager (Male) |
| 22:50 | Crear | Militia |
| 22:50 | Crear | Militia |
| 22:50 | Crear | Militia |
| 23:07 | Construir | Farm |
| 23:07 | Construir | Farm |
| 23:08 | Construir | Farm |
| 23:10 | Crear | Villager (Male) |
| 23:10 | Crear | Villager (Male) |
| 25:04 | Crear | Villager (Male) |
| 25:04 | Crear | Villager (Male) |
| 25:04 | Crear | Villager (Male) |
| 25:04 | Crear | Villager (Male) |
| 25:24 | Crear | Militia |
| 25:24 | Crear | Militia |
| 25:24 | Crear | Militia |
| 25:25 | Crear | Militia |
| 25:25 | Crear | Militia |
| 25:51 | Crear | Villager (Male) |
| 25:51 | Crear | Villager (Male) |
| 25:52 | Crear | Villager (Male) |
| 25:54 | Construir | House |
| 25:54 | Construir | House |
| 25:55 | Construir | House |
| 25:55 | Construir | House |
| 25:56 | Construir | House |
| 26:37 | Construir | Farm |
| 29:10 | Construir | Monastery |
| 29:15 | Construir | University |
| 29:31 | Crear | Militia |
| 29:31 | Crear | Militia |
| 29:31 | Crear | Militia |
| 29:32 | Crear | Militia |
| 29:32 | Crear | Militia |
| 29:44 | Investigar | Imperial Age |
| 30:54 | Crear | Villager (Male) |
| 30:54 | Crear | Villager (Male) |
| 30:54 | Crear | Villager (Male) |
| 30:55 | Crear | Villager (Male) |
| 31:03 | Investigar | Iron Casting |
| 31:09 | Crear | Battering Ram |
| 31:09 | Crear | Battering Ram |
| 32:53 | Edad | Edad Imperial |
| 33:09 | Crear | Villager (Male) |
| 33:09 | Crear | Villager (Male) |
| 33:09 | Crear | Villager (Male) |
| 33:09 | Crear | Villager (Male) |
| 33:10 | Crear | Villager (Male) |
| 33:15 | Construir | House |
Build order — Mongoloid
Primeras 150 de 196 acciones detectadas
| 0:00 | Crear | Villager (Male) |
| 0:04 | Construir | House |
| 0:06 | Construir | House |
| 0:18 | Crear | Villager (Male) |
| 0:19 | Crear | Villager (Male) |
| 0:19 | Crear | Villager (Male) |
| 1:24 | Crear | Villager (Male) |
| 1:48 | Construir | Lumber Camp |
| 2:05 | Crear | Villager (Male) |
| 2:21 | Crear | Villager (Male) |
| 2:21 | Crear | Villager (Male) |
| 2:43 | Crear | Villager (Male) |
| 3:00 | Construir | House |
| 3:02 | Crear | Villager (Male) |
| 3:28 | Crear | Villager (Male) |
| 3:48 | Crear | Villager (Male) |
| 4:13 | Crear | Villager (Male) |
| 4:39 | Construir | Mill |
| 4:48 | Crear | Villager (Male) |
| 4:48 | Crear | Villager (Male) |
| 4:49 | Crear | Villager (Male) |
| 5:15 | Crear | Villager (Male) |
| 5:23 | Construir | House |
| 5:25 | Crear | Villager (Male) |
| 5:59 | Crear | Villager (Male) |
| 6:14 | Construir | Mill |
| 6:43 | Construir | Mining Camp |
| 7:43 | Crear | Villager (Male) |
| 7:46 | Crear | Villager (Male) |
| 7:50 | Crear | Villager (Male) |
| 8:02 | Construir | House |
| 8:54 | Investigar | Feudal Age |
| 9:15 | Crear | Villager (Male) |
| 9:15 | Crear | Villager (Male) |
| 9:37 | Construir | Farm |
| 9:40 | Construir | Farm |
| 11:08 | Edad | Edad Feudal |
| 11:09 | Construir | Market |
| 11:13 | Construir | Blacksmith |
| 11:21 | Investigar | Double-Bit Axe |
| 11:39 | Construir | Barracks |
| 11:57 | Investigar | Loom |
| 12:15 | Construir | Mining Camp |
| 12:33 | Investigar | Castle Age |
| 12:41 | Investigar | Horse Collar |
| 13:15 | Construir | Lumber Camp |
| 13:42 | Construir | House |
| 14:23 | Construir | Stable |
| 14:27 | Crear | Villager (Male) |
| 15:13 | Edad | Edad de los Castillos |
| 15:18 | Construir | Town Center |
| 15:26 | Investigar | Wheelbarrow |
| 15:34 | Investigar | Bow Saw |
| 15:57 | Construir | Farm |
| 16:03 | Construir | Farm |
| 16:08 | Crear | Villager (Male) |
| 16:46 | Construir | Town Center |
| 16:52 | Crear | Villager (Male) |
| 17:01 | Construir | Farm |
| 17:11 | Crear | Villager (Male) |
| 17:19 | Construir | Farm |
| 17:22 | Construir | Farm |
| 17:36 | Crear | Villager (Male) |
| 17:41 | Construir | House |
| 17:42 | Construir | House |
| 17:43 | Construir | House |
| 17:47 | Construir | Farm |
| 17:54 | Construir | Farm |
| 17:59 | Construir | Farm |
| 18:04 | Crear | Villager (Male) |
| 18:04 | Crear | Villager (Male) |
| 18:11 | Construir | Farm |
| 18:14 | Construir | Farm |
| 18:17 | Crear | Villager (Male) |
| 18:24 | Crear | Villager (Male) |
| 18:30 | Construir | Farm |
| 18:45 | Crear | Villager (Male) |
| 18:46 | Crear | Villager (Male) |
| 18:52 | Construir | Farm |
| 19:06 | Crear | Villager (Male) |
| 19:08 | Crear | Villager (Male) |
| 19:08 | Crear | Villager (Male) |
| 19:11 | Construir | Farm |
| 19:13 | Construir | Farm |
| 19:15 | Construir | Farm |
| 19:17 | Construir | Farm |
| 19:27 | Construir | Farm |
| 19:29 | Crear | Villager (Male) |
| 19:30 | Crear | Villager (Male) |
| 19:31 | Crear | Villager (Male) |
| 19:34 | Construir | House |
| 19:35 | Construir | House |
| 19:44 | Crear | Villager (Male) |
| 19:44 | Crear | Villager (Male) |
| 19:49 | Construir | Farm |
| 19:55 | Construir | Farm |
| 19:56 | Crear | Villager (Male) |
| 19:56 | Crear | Villager (Male) |
| 20:05 | Construir | Farm |
| 20:08 | Construir | Farm |
| 20:11 | Crear | Villager (Male) |
| 20:18 | Crear | Villager (Male) |
| 20:19 | Crear | Villager (Male) |
| 20:21 | Construir | Farm |
| 20:23 | Construir | Farm |
| 20:26 | Crear | Villager (Male) |
| 20:26 | Crear | Villager (Male) |
| 20:37 | Construir | Farm |
| 20:40 | Construir | Farm |
| 20:42 | Crear | Villager (Male) |
| 20:44 | Crear | Villager (Male) |
| 20:44 | Crear | Villager (Male) |
| 20:46 | Construir | House |
| 20:47 | Construir | House |
| 20:56 | Construir | Farm |
| 21:00 | Crear | Villager (Male) |
| 21:01 | Crear | Villager (Male) |
| 21:06 | Construir | Farm |
| 21:08 | Crear | Villager (Male) |
| 21:09 | Crear | Villager (Male) |
| 21:17 | Construir | University |
| 21:35 | Crear | Villager (Male) |
| 21:36 | Crear | Villager (Male) |
| 21:42 | Crear | Villager (Male) |
| 21:42 | Crear | Villager (Male) |
| 21:43 | Crear | Villager (Male) |
| 21:50 | Crear | Villager (Male) |
| 21:50 | Crear | Villager (Male) |
| 21:53 | Investigar | Gold Mining |
| 22:04 | Construir | Town Center |
| 22:06 | Investigar | Town Watch |
| 22:08 | Crear | Villager (Male) |
| 22:11 | Construir | Farm |
| 22:18 | Construir | Farm |
| 22:24 | Crear | Villager (Male) |
| 22:24 | Crear | Villager (Male) |
| 22:28 | Crear | Villager (Male) |
| 22:28 | Crear | Villager (Male) |
| 22:46 | Construir | House |
| 22:47 | Construir | House |
| 22:48 | Construir | House |
| 22:52 | Crear | Villager (Male) |
| 22:53 | Crear | Villager (Male) |
| 22:57 | Crear | Villager (Male) |
| 22:57 | Crear | Villager (Male) |
| 23:07 | Investigar | Fletching |
| 23:08 | Investigar | Scale Barding Armor |
| 23:18 | Construir | Farm |
| 23:21 | Construir | Farm |
| 23:24 | Construir | Farm |
Build order — Kingqk
Primeras 150 de 320 acciones detectadas
| 0:02 | Crear | Villager (Male) |
| 0:02 | Crear | Villager (Male) |
| 0:02 | Crear | Villager (Male) |
| 0:02 | Crear | Villager (Male) |
| 0:04 | Construir | House |
| 0:05 | Construir | House |
| 0:31 | Construir | House |
| 0:33 | Construir | House |
| 1:33 | Crear | Villager (Male) |
| 1:34 | Crear | Villager (Male) |
| 1:57 | Crear | Villager (Male) |
| 2:23 | Crear | Villager (Male) |
| 2:23 | Crear | Villager (Male) |
| 2:50 | Crear | Villager (Male) |
| 3:02 | Construir | Lumber Camp |
| 3:12 | Crear | Villager (Male) |
| 3:12 | Crear | Villager (Male) |
| 3:13 | Crear | Villager (Male) |
| 3:30 | Crear | Villager (Male) |
| 3:53 | Crear | Villager (Male) |
| 4:10 | Crear | Villager (Male) |
| 4:25 | Crear | Villager (Male) |
| 4:48 | Crear | Villager (Male) |
| 4:48 | Crear | Villager (Male) |
| 5:14 | Crear | Villager (Male) |
| 5:14 | Crear | Villager (Male) |
| 5:30 | Crear | Villager (Male) |
| 5:57 | Crear | Villager (Male) |
| 5:58 | Crear | Villager (Male) |
| 6:27 | Construir | Mill |
| 7:00 | Construir | Mining Camp |
| 7:17 | Crear | Villager (Male) |
| 7:17 | Crear | Villager (Male) |
| 7:39 | Construir | Mill |
| 8:09 | Investigar | Feudal Age |
| 8:43 | Construir | House |
| 9:45 | Construir | Farm |
| 9:46 | Construir | Farm |
| 9:50 | Crear | Villager (Male) |
| 9:50 | Crear | Villager (Male) |
| 9:51 | Crear | Villager (Male) |
| 10:32 | Edad | Edad Feudal |
| 10:33 | Construir | Blacksmith |
| 11:29 | Construir | Market |
| 11:44 | Investigar | Loom |
| 12:08 | Investigar | Castle Age |
| 12:08 | Investigar | Castle Age |
| 12:08 | Investigar | Castle Age |
| 12:24 | Construir | Lumber Camp |
| 12:38 | Investigar | Double-Bit Axe |
| 12:58 | Construir | House |
| 13:02 | Construir | House |
| 13:15 | Investigar | Horse Collar |
| 13:42 | Construir | Farm |
| 13:42 | Construir | Farm |
| 13:43 | Construir | Farm |
| 14:04 | Construir | House |
| 14:05 | Construir | House |
| 14:06 | Construir | House |
| 14:30 | Construir | Farm |
| 14:31 | Construir | Farm |
| 14:36 | Investigar | Wheelbarrow |
| 14:52 | Edad | Edad de los Castillos |
| 14:53 | Construir | Town Center |
| 15:12 | Construir | Farm |
| 15:13 | Construir | Farm |
| 15:35 | Construir | House |
| 15:37 | Construir | House |
| 15:38 | Construir | House |
| 15:46 | Crear | Villager (Male) |
| 15:48 | Crear | Villager (Male) |
| 16:05 | Crear | Villager (Male) |
| 16:13 | Construir | Farm |
| 16:14 | Construir | Farm |
| 16:19 | Crear | Villager (Male) |
| 16:28 | Construir | Farm |
| 16:29 | Construir | Farm |
| 16:29 | Construir | Farm |
| 16:32 | Crear | Villager (Male) |
| 16:44 | Crear | Villager (Male) |
| 16:59 | Crear | Villager (Male) |
| 17:07 | Crear | Villager (Male) |
| 17:14 | Construir | House |
| 17:15 | Construir | House |
| 17:23 | Crear | Villager (Male) |
| 17:33 | Construir | Town Center |
| 17:41 | Crear | Villager (Male) |
| 17:42 | Crear | Villager (Male) |
| 17:47 | Construir | Farm |
| 17:48 | Construir | Farm |
| 17:52 | Crear | Villager (Male) |
| 18:02 | Crear | Villager (Male) |
| 18:02 | Crear | Villager (Male) |
| 18:07 | Construir | House |
| 18:08 | Construir | House |
| 18:09 | Construir | House |
| 18:11 | Construir | House |
| 18:12 | Construir | House |
| 18:17 | Crear | Villager (Male) |
| 18:38 | Investigar | Bow Saw |
| 18:38 | Investigar | Bow Saw |
| 18:38 | Investigar | Bow Saw |
| 18:45 | Crear | Villager (Male) |
| 18:55 | Crear | Villager (Male) |
| 18:55 | Crear | Villager (Male) |
| 18:59 | Construir | Farm |
| 18:59 | Construir | Farm |
| 19:08 | Crear | Villager (Male) |
| 19:08 | Crear | Villager (Male) |
| 19:14 | Construir | Farm |
| 19:15 | Crear | Villager (Male) |
| 19:20 | Crear | Villager (Male) |
| 19:21 | Crear | Villager (Male) |
| 19:23 | Construir | Farm |
| 19:24 | Construir | Farm |
| 19:24 | Construir | Farm |
| 19:28 | Crear | Villager (Male) |
| 19:42 | Crear | Villager (Male) |
| 19:43 | Crear | Villager (Male) |
| 19:45 | Construir | House |
| 19:47 | Construir | House |
| 19:48 | Construir | House |
| 19:50 | Construir | House |
| 19:52 | Crear | Villager (Male) |
| 19:54 | Crear | Villager (Male) |
| 20:01 | Crear | Villager (Male) |
| 20:01 | Crear | Villager (Male) |
| 20:04 | Construir | Farm |
| 20:05 | Construir | Farm |
| 20:07 | Crear | Villager (Male) |
| 20:14 | Construir | Farm |
| 20:15 | Construir | Farm |
| 20:19 | Crear | Villager (Male) |
| 20:23 | Crear | Villager (Male) |
| 20:26 | Construir | Farm |
| 20:32 | Crear | Villager (Male) |
| 20:35 | Crear | Villager (Male) |
| 20:49 | Investigar | Gold Mining |
| 20:52 | Crear | Villager (Male) |
| 20:57 | Crear | Villager (Male) |
| 21:03 | Crear | Villager (Male) |
| 21:04 | Crear | Villager (Male) |
| 21:16 | Construir | Barracks |
| 21:18 | Crear | Villager (Male) |
| 21:20 | Crear | Villager (Male) |
| 21:21 | Crear | Villager (Male) |
| 21:37 | Construir | Farm |
| 21:37 | Construir | Farm |
| 21:38 | Construir | Farm |
| 21:38 | Construir | Farm |
Build order — lean_dean28
Primeras 150 de 171 acciones detectadas
| 0:03 | Crear | Villager (Male) |
| 0:03 | Crear | Villager (Male) |
| 0:05 | Construir | House |
| 0:08 | Construir | House |
| 0:47 | Crear | Villager (Male) |
| 0:47 | Crear | Villager (Male) |
| 0:47 | Crear | Villager (Male) |
| 1:31 | Crear | Villager (Male) |
| 1:31 | Crear | Villager (Male) |
| 1:51 | Construir | Lumber Camp |
| 2:06 | Crear | Villager (Male) |
| 2:06 | Crear | Villager (Male) |
| 2:06 | Crear | Villager (Male) |
| 2:35 | Crear | Villager (Male) |
| 2:35 | Crear | Villager (Male) |
| 3:13 | Crear | Villager (Male) |
| 3:13 | Crear | Villager (Male) |
| 3:38 | Construir | House |
| 3:51 | Crear | Villager (Male) |
| 3:52 | Crear | Villager (Male) |
| 3:52 | Crear | Villager (Male) |
| 4:43 | Crear | Villager (Male) |
| 4:43 | Crear | Villager (Male) |
| 4:43 | Crear | Villager (Male) |
| 5:14 | Crear | Villager (Male) |
| 5:16 | Construir | Mill |
| 5:20 | Crear | Villager (Male) |
| 5:20 | Crear | Villager (Male) |
| 5:20 | Crear | Villager (Male) |
| 5:25 | Construir | House |
| 5:47 | Crear | Villager (Male) |
| 5:47 | Crear | Villager (Male) |
| 6:24 | Construir | Mining Camp |
| 7:10 | Construir | House |
| 7:27 | Crear | Villager (Male) |
| 7:42 | Construir | Mill |
| 7:57 | Crear | Villager (Male) |
| 8:25 | Crear | Villager (Male) |
| 8:52 | Investigar | Feudal Age |
| 11:04 | Crear | Villager (Male) |
| 11:09 | Construir | Blacksmith |
| 11:18 | Construir | Market |
| 11:31 | Crear | Villager (Male) |
| 11:59 | Crear | Villager (Male) |
| 12:50 | Investigar | Castle Age |
| 14:03 | Construir | Mill |
| 14:19 | Construir | Mining Camp |
| 14:25 | Construir | Farm |
| 14:34 | Construir | Farm |
| 14:41 | Investigar | Double-Bit Axe |
| 15:35 | Crear | Villager (Male) |
| 15:35 | Crear | Villager (Male) |
| 15:35 | Crear | Villager (Male) |
| 15:42 | Construir | Town Center |
| 15:51 | Construir | Monastery |
| 16:01 | Construir | Town Center |
| 16:06 | Crear | Villager (Male) |
| 16:07 | Crear | Villager (Male) |
| 16:32 | Construir | House |
| 16:36 | Construir | Farm |
| 16:39 | Investigar | Horse Collar |
| 17:03 | Construir | House |
| 17:26 | Investigar | Bow Saw |
| 17:28 | Crear | Villager (Male) |
| 17:29 | Crear | Villager (Male) |
| 17:29 | Crear | Villager (Male) |
| 17:33 | Construir | House |
| 17:36 | Construir | Farm |
| 17:44 | Crear | Monk |
| 17:50 | Crear | Villager (Male) |
| 17:51 | Crear | Villager (Male) |
| 17:56 | Construir | Farm |
| 18:01 | Construir | Farm |
| 18:07 | Construir | Farm |
| 18:09 | Construir | Farm |
| 18:16 | Crear | Villager (Male) |
| 18:16 | Crear | Villager (Male) |
| 18:21 | Construir | Farm |
| 18:24 | Construir | Farm |
| 18:25 | Construir | Farm |
| 18:27 | Construir | Farm |
| 18:40 | Construir | Farm |
| 18:44 | Construir | Farm |
| 18:46 | Crear | Villager (Male) |
| 18:46 | Crear | Villager (Male) |
| 18:47 | Crear | Villager (Male) |
| 18:56 | Construir | House |
| 19:00 | Crear | Villager (Male) |
| 19:00 | Crear | Villager (Male) |
| 19:00 | Crear | Villager (Male) |
| 19:10 | Construir | Farm |
| 19:20 | Construir | Farm |
| 19:25 | Construir | Farm |
| 19:36 | Construir | Farm |
| 19:38 | Crear | Villager (Male) |
| 19:38 | Crear | Villager (Male) |
| 19:38 | Crear | Villager (Male) |
| 19:39 | Crear | Villager (Male) |
| 19:39 | Crear | Villager (Male) |
| 20:03 | Construir | Farm |
| 20:33 | Crear | Villager (Male) |
| 20:34 | Crear | Villager (Male) |
| 20:34 | Crear | Villager (Male) |
| 20:34 | Crear | Villager (Male) |
| 20:34 | Crear | Villager (Male) |
| 20:36 | Crear | Villager (Male) |
| 20:37 | Investigar | Town Watch |
| 20:53 | Crear | Villager (Male) |
| 21:09 | Construir | Farm |
| 21:23 | Construir | Farm |
| 21:26 | Crear | Villager (Male) |
| 21:26 | Crear | Villager (Male) |
| 21:27 | Crear | Villager (Male) |
| 21:27 | Crear | Villager (Male) |
| 21:31 | Construir | Farm |
| 21:34 | Investigar | Heavy Plow |
| 21:37 | Construir | Farm |
| 21:40 | Crear | Villager (Male) |
| 21:40 | Crear | Villager (Male) |
| 21:40 | Crear | Villager (Male) |
| 21:55 | Construir | Town Center |
| 22:12 | Construir | Farm |
| 22:20 | Crear | Villager (Male) |
| 22:20 | Crear | Villager (Male) |
| 22:21 | Investigar | Wheelbarrow |
| 22:26 | Construir | Farm |
| 22:29 | Construir | Farm |
| 22:46 | Crear | Villager (Male) |
| 22:46 | Crear | Villager (Male) |
| 22:51 | Construir | Farm |
| 22:57 | Construir | Farm |
| 23:03 | Crear | Villager (Male) |
| 23:03 | Crear | Villager (Male) |
| 23:03 | Crear | Villager (Male) |
| 23:05 | Investigar | Loom |
| 23:11 | Construir | House |
| 23:11 | Construir | House |
| 23:11 | Construir | House |
| 23:12 | Construir | House |
| 23:12 | Construir | House |
| 23:12 | Construir | House |
| 23:19 | Construir | Farm |
| 23:29 | Crear | Villager (Male) |
| 23:29 | Crear | Villager (Male) |
| 23:30 | Crear | Villager (Male) |
| 23:34 | Construir | Farm |
| 23:37 | Construir | Farm |
| 23:37 | Construir | Farm |
| 23:39 | Construir | Farm |
| 23:40 | Construir | Farm |
Build order — 紅點ㄟ
Primeras 150 de 289 acciones detectadas
| 0:06 | Crear | Villager (Male) |
| 0:06 | Crear | Villager (Male) |
| 0:07 | Crear | Villager (Male) |
| 0:07 | Crear | Villager (Male) |
| 0:07 | Crear | Villager (Male) |
| 0:07 | Crear | Villager (Male) |
| 1:28 | Crear | Villager (Male) |
| 1:29 | Crear | Villager (Male) |
| 1:55 | Crear | Villager (Male) |
| 1:55 | Crear | Villager (Male) |
| 2:06 | Crear | Villager (Male) |
| 2:06 | Crear | Villager (Male) |
| 2:42 | Crear | Villager (Male) |
| 2:43 | Crear | Villager (Male) |
| 3:05 | Crear | Villager (Male) |
| 3:05 | Crear | Villager (Male) |
| 3:09 | Crear | Villager (Male) |
| 3:10 | Crear | Villager (Male) |
| 3:36 | Crear | Villager (Male) |
| 3:36 | Crear | Villager (Male) |
| 3:40 | Crear | Villager (Male) |
| 3:40 | Crear | Villager (Male) |
| 3:59 | Construir | Lumber Camp |
| 4:11 | Crear | Villager (Male) |
| 4:11 | Crear | Villager (Male) |
| 4:51 | Crear | Villager (Male) |
| 4:52 | Crear | Villager (Male) |
| 4:52 | Crear | Villager (Male) |
| 5:31 | Crear | Villager (Male) |
| 5:31 | Crear | Villager (Male) |
| 5:31 | Crear | Villager (Male) |
| 6:02 | Construir | Mining Camp |
| 6:09 | Crear | Villager (Male) |
| 6:09 | Crear | Villager (Male) |
| 7:10 | Crear | Villager (Male) |
| 7:11 | Crear | Villager (Male) |
| 7:11 | Crear | Villager (Male) |
| 7:12 | Crear | Villager (Male) |
| 7:21 | Construir | Mill |
| 8:41 | Construir | Mill |
| 9:16 | Construir | Farm |
| 9:17 | Construir | Farm |
| 9:26 | Investigar | Feudal Age |
| 9:47 | Construir | Farm |
| 9:51 | Crear | Villager (Male) |
| 9:52 | Crear | Villager (Male) |
| 11:36 | Edad | Edad Feudal |
| 11:45 | Construir | Market |
| 11:52 | Construir | Blacksmith |
| 12:23 | Construir | Farm |
| 12:24 | Construir | Farm |
| 12:31 | Construir | Farm |
| 12:37 | Construir | Farm |
| 12:51 | Investigar | Castle Age |
| 12:53 | Investigar | Double-Bit Axe |
| 13:10 | Investigar | Horse Collar |
| 13:31 | Construir | Farm |
| 13:38 | Construir | Farm |
| 14:55 | Crear | Villager (Male) |
| 14:55 | Crear | Villager (Male) |
| 14:59 | Crear | Villager (Male) |
| 15:31 | Edad | Edad de los Castillos |
| 15:35 | Construir | Town Center |
| 15:51 | Construir | Town Center |
| 15:56 | Investigar | Bow Saw |
| 16:23 | Investigar | Heavy Plow |
| 16:23 | Investigar | Heavy Plow |
| 16:23 | Investigar | Heavy Plow |
| 16:37 | Crear | Villager (Male) |
| 16:39 | Crear | Villager (Male) |
| 16:54 | Crear | Villager (Male) |
| 16:54 | Crear | Villager (Male) |
| 17:02 | Construir | Farm |
| 17:04 | Construir | Farm |
| 17:12 | Crear | Villager (Male) |
| 17:12 | Crear | Villager (Male) |
| 17:16 | Crear | Villager (Male) |
| 17:29 | Investigar | Stone Mining |
| 17:36 | Crear | Villager (Male) |
| 17:43 | Construir | Farm |
| 17:55 | Construir | Farm |
| 18:01 | Construir | Farm |
| 18:02 | Crear | Villager (Male) |
| 18:04 | Crear | Villager (Male) |
| 18:14 | Construir | Farm |
| 18:15 | Construir | Farm |
| 18:17 | Crear | Villager (Male) |
| 18:24 | Crear | Villager (Male) |
| 18:34 | Construir | Farm |
| 18:35 | Construir | Farm |
| 18:40 | Crear | Villager (Male) |
| 18:51 | Construir | Farm |
| 18:52 | Construir | Farm |
| 18:53 | Construir | Farm |
| 18:55 | Crear | Villager (Male) |
| 19:00 | Crear | Villager (Male) |
| 19:07 | Construir | Mining Camp |
| 19:14 | Crear | Villager (Male) |
| 19:18 | Crear | Villager (Male) |
| 19:24 | Construir | Farm |
| 19:27 | Crear | Villager (Male) |
| 19:27 | Crear | Villager (Male) |
| 19:29 | Crear | Villager (Male) |
| 19:29 | Crear | Villager (Male) |
| 19:41 | Construir | Farm |
| 19:43 | Crear | Villager (Male) |
| 19:51 | Crear | Villager (Male) |
| 19:51 | Crear | Villager (Male) |
| 19:58 | Crear | Villager (Male) |
| 20:11 | Construir | Farm |
| 20:12 | Construir | Farm |
| 20:14 | Construir | Farm |
| 20:17 | Crear | Villager (Male) |
| 20:18 | Crear | Villager (Male) |
| 20:21 | Crear | Villager (Male) |
| 20:32 | Crear | Villager (Male) |
| 20:36 | Construir | Farm |
| 20:38 | Crear | Villager (Male) |
| 20:42 | Crear | Villager (Male) |
| 20:45 | Crear | Villager (Male) |
| 20:58 | Construir | Town Center |
| 21:05 | Construir | Farm |
| 21:07 | Crear | Villager (Male) |
| 21:09 | Crear | Villager (Male) |
| 21:10 | Crear | Villager (Male) |
| 21:11 | Crear | Villager (Male) |
| 21:22 | Crear | Villager (Male) |
| 21:29 | Crear | Villager (Male) |
| 21:32 | Crear | Villager (Male) |
| 21:39 | Investigar | Gold Mining |
| 21:39 | Investigar | Gold Mining |
| 22:01 | Construir | Town Center |
| 22:05 | Crear | Villager (Male) |
| 22:07 | Crear | Villager (Male) |
| 22:10 | Crear | Villager (Male) |
| 22:15 | Crear | Villager (Male) |
| 22:16 | Crear | Villager (Male) |
| 22:19 | Crear | Villager (Male) |
| 22:29 | Construir | Farm |
| 22:30 | Construir | Farm |
| 22:32 | Construir | Farm |
| 22:33 | Construir | Farm |
| 22:34 | Construir | Farm |
| 22:36 | Construir | Farm |
| 22:38 | Construir | Farm |
| 22:48 | Crear | Villager (Male) |
| 22:50 | Investigar | Loom |
| 22:51 | Investigar | Wheelbarrow |
| 22:54 | Crear | Villager (Male) |
| 22:56 | Crear | Villager (Male) |
Cronología de la partida
| 9:39 | GingerTom · first_building Barracks |
| 10:32 | Kingqk · age_up feudal |
| 10:34 | 海猛 · first_building Barracks |
| 11:08 | Mongoloid · age_up feudal |
| 11:27 | lasttruepoet · age_up feudal |
| 11:30 | GingerTom · age_up feudal |
| 11:34 | 海猛 · age_up feudal |
| 11:36 | 紅點ㄟ · age_up feudal |
| 11:39 | Mongoloid · first_building Barracks |
| 12:02 | 明仔 · age_up feudal |
| 12:46 | GingerTom · first_building Stable |
| 13:45 | 海猛 · first_market_sell 100 stone |
| 14:09 | 海猛 · first_market_buy 100 food |
| 14:23 | Mongoloid · first_building Stable |
| 14:52 | Kingqk · age_up castle |
| 15:07 | Mongoloid · first_market_buy 100 food |
| 15:13 | Mongoloid · age_up castle |
| 15:27 | lasttruepoet · age_up castle |
| 15:31 | 紅點ㄟ · age_up castle |
| 15:51 | lean_dean28 · first_building Monastery |
| 15:54 | 海猛 · age_up castle |
| 15:57 | 海猛 · first_building Siege Workshop |
| 16:27 | lean_dean28 · first_market_buy 100 food |
| 16:43 | lasttruepoet · first_building Castle |
| 16:47 | 明仔 · age_up castle |
| 17:14 | 明仔 · first_building Monastery |
| 17:39 | 明仔 · first_building Castle |
| 18:02 | GingerTom · age_up castle |
| 19:08 | lasttruepoet · wall_segment Stone Wall x18 |
| 19:14 | lasttruepoet · wall_segment Stone Wall x3 |
| 19:26 | GingerTom · first_building Castle |
| 19:35 | 明仔 · first_building Siege Workshop |
| 20:10 | lasttruepoet · wall_segment Stone Wall x1 |
| 20:52 | lasttruepoet · wall_segment Stone Wall x1 |
| 20:54 | lasttruepoet · wall_segment Stone Wall x1 |
| 21:04 | lasttruepoet · wall_segment Stone Wall x6 |
| 21:10 | lasttruepoet · wall_segment Stone Wall x1 |
| 21:16 | Kingqk · first_building Barracks |
| 22:25 | Kingqk · first_building Stable |
| 22:51 | lasttruepoet · wall_segment Stone Wall x1 |
| 24:17 | Mongoloid · first_building Castle |
| 25:07 | lean_dean28 · first_building Barracks |
| 25:28 | GingerTom · resign |
| 25:28 | 紅點ㄟ · first_building Castle |
| 25:32 | Mongoloid · first_building Archery Range |
| 26:03 | Kingqk · first_building Monastery |
| 26:29 | lean_dean28 · first_building Archery Range |
| 27:30 | 紅點ㄟ · first_building Barracks |
| 28:46 | 紅點ㄟ · first_building Stable |
| 29:10 | 海猛 · first_building Monastery |
| 29:32 | Kingqk · first_market_sell 500 food |
| 30:19 | lasttruepoet · wall_segment Stone Wall x19 |
| 30:53 | lasttruepoet · age_up imperial |
| 31:27 | lasttruepoet · wall_segment Stone Wall x13 |
| 31:36 | lasttruepoet · wall_segment Stone Wall x12 |
| 31:38 | 紅點ㄟ · age_up imperial |
| 31:43 | lasttruepoet · wall_segment Stone Wall x12 |
| 31:51 | lasttruepoet · wall_segment Stone Wall x8 |
| 32:38 | lasttruepoet · wall_segment Stone Wall x1 |
| 32:53 | 明仔 · age_up imperial |
| 32:53 | 海猛 · age_up imperial |
| 32:57 | Kingqk · age_up imperial |
| 33:02 | 紅點ㄟ · first_market_sell 500 wood |
| 33:12 | lasttruepoet · wall_segment Stone Wall x15 |
| 33:23 | lasttruepoet · wall_segment Stone Wall x16 |
| 34:44 | lasttruepoet · wall_segment Stone Wall x11 |
| 34:50 | lasttruepoet · wall_segment Stone Wall x16 |
| 35:39 | lasttruepoet · wall_segment Stone Wall x22 |
| 35:54 | lasttruepoet · wall_segment Stone Wall x1 |
| 36:12 | lasttruepoet · wall_segment Stone Wall x1 |
| 36:52 | lasttruepoet · wall_segment Stone Wall x1 |
| 36:59 | lasttruepoet · first_market_buy 500 stone |
| 37:20 | lasttruepoet · wall_segment Stone Wall x18 |
| 37:29 | lasttruepoet · wall_segment Stone Wall x12 |
| 37:58 | lasttruepoet · wall_segment Stone Wall x1 |
| 38:02 | lasttruepoet · wall_segment Stone Wall x1 |
| 38:20 | lasttruepoet · wall_segment Stone Wall x21 |
| 39:10 | lasttruepoet · wall_segment Stone Wall x15 |
[ ANÁLISIS IA · 1 CRÉDITO ]
¿Qué pasó realmente en esta partida?
Wolo.gg analiza cada decisión: build order, eco, micro, errores típicos por bracket. Análisis personalizado por WhatsApp o Discord en 30 segundos.
Guía civ
Españoles
Guía mapa
Arena
Perfil
明仔